| TOP OF THE 1ST |
|
Washington (APP) Nationals batting - Pitching for San Francisco (APP) Giants : LHP Jack Klein
|
|
Pitching: LHP Jack Klein
|
|
|
Batting: RHB John Savard
|
0-0: Ball 1-0: Foul Ball, location: 2F 1-1: Ball 2-1: Ball 3-1: Bunt missed! 3-2: Fly out, F7 (Flyball, 7, EV 90.6 MPH)
|
|
Batting: RHB Steve Bauman
|
0-0: DOUBLE (Flyball, 78XD, EV 95.0 MPH)
|
|
Batting: RHB Jared Speck
|
0-0: Ball 1-0: Ball 2-0: Foul Ball, location: 2F 2-1: Foul Ball, location: 2F 2-2: Ball 3-2: 2-RUN HOME RUN (Flyball, 78XD, EV 113.1 MPH), Distance : 431 ft
|
|
Batting: RHB Nick Moreno
|
0-0: Called Strike 0-1: Ball 1-1: Swinging Strike 1-2: Strikes out swinging
|
|
Batting: RHB Kevin Whitenack
|
0-0: SOLO HOME RUN (Line Drive, 78XD, EV 116.9 MPH), Distance : 465 ft
|
|
Batting: RHB Jon Buscher
|
0-0: Ball 1-0: Swinging Strike 1-1: Ball 2-1: Swinging Strike 2-2: Fly out, F4 (Popup, 4D, EV 61.9 MPH)
|
| Top of the 1st over - 3 runs, 3 hits, 0 errors, 0 left on base; Washington (APP) 3 - San Francisco (APP) 0 |
| BOTTOM OF THE 1ST |
|
San Francisco (APP) Giants batting - Pitching for Washington (APP) Nationals : RHP Ivano Galikov
|
|
Pitching: RHP Ivano Galikov
|
|
|
Batting: RHB Bill Defazio
|
0-0: Fly out, F9 (Flyball, 89S, EV 97.5 MPH)
|
|
Batting: RHB Teruhide Horiuchi
|
0-0: Ball 1-0: Ground out 4-3 (Groundball, 4, EV 83.1 MPH)
|
|
Batting: LHB Jared Paige
|
0-0: Ball 1-0: Ball 2-0: Called Strike 2-1: Called Strike 2-2: Strikes out swinging
|
| Bottom of the 1st over - 0 runs, 0 hits, 0 errors, 0 left on base; Washington (APP) 3 - San Francisco (APP) 0 |
| TOP OF THE 2ND |
|
Washington (APP) Nationals batting - Pitching for San Francisco (APP) Giants : LHP Jack Klein
|
|
Batting: RHB Naofumi Ishida
|
0-0: Ball 1-0: Fly out, F7 (Flyball, 7LM, EV 97.5 MPH)
|
|
Batting: RHB Derek Moran
|
0-0: Ground out 4-3 (Groundball, 4, EV 90.0 MPH)
|
|
Batting: RHB Victor Cintron
|
0-0: Called Strike 0-1: Called Strike 0-2: Strikes out swinging
|
| Top of the 2nd over - 0 runs, 0 hits, 0 errors, 0 left on base; Washington (APP) 3 - San Francisco (APP) 0 |
| BOTTOM OF THE 2ND |
|
San Francisco (APP) Giants batting - Pitching for Washington (APP) Nationals : RHP Ivano Galikov
|
|
Batting: RHB Jason Gregor
|
0-0: Called Strike 0-1: Ball 1-1: Foul Ball, location: 2F 1-2: Ball 2-2: Foul Ball, location: 2F 2-2: Ball 3-2: Base on Balls
|
|
Batting: LHB Al Hernandez
|
0-0: Fielders Choice at 2nd, 3-6 (Groundball, 3, EV 96.2 MPH)
|
|
Batting: RHB Dinand Brouwer
|
0-0: Called Strike 0-1: Ball 1-1: Foul Ball, location: 2F 1-2: Ball 2-2: Ball 3-2: Foul Ball, location: 2F 3-2: Fly out, F4 (Flyball, 4D, EV 82.5 MPH)
|
|
Batting: RHB Ed Broomhead
|
0-0: Ground out 4-3 (Groundball, 4S, EV 90.6 MPH)
|
| Bottom of the 2nd over - 0 runs, 0 hits, 0 errors, 1 left on base; Washington (APP) 3 - San Francisco (APP) 0 |
| TOP OF THE 3RD |
|
Washington (APP) Nationals batting - Pitching for San Francisco (APP) Giants : LHP Jack Klein
|
|
Batting: RHB John Savard
|
0-0: Called Strike 0-1: Called Strike 0-2: Ball 1-2: Ball 2-2: Ball 3-2: Ground out U3 (Groundball, 13, EV 83.1 MPH)
|
|
Batting: RHB Steve Bauman
|
0-0: Ball 1-0: Ground out 6-3 (Groundball, 6M, EV 81.9 MPH)
|
|
Batting: RHB Jared Speck
|
0-0: SOLO HOME RUN (Flyball, 7LD, EV 103.1 MPH), Distance : 384 ft
|
|
Batting: RHB Nick Moreno
|
0-0: Foul Ball, location: 2F 0-1: Foul Ball, location: 2F 0-2: SOLO HOME RUN (Flyball, 7D, EV 104.4 MPH), Distance : 393 ft
|
|
Batting: RHB Kevin Whitenack
|
0-0: Ball 1-0: Foul Ball, location: 2F 1-1: Called Strike 1-2: Foul Ball, location: 2F 1-2: Ball 2-2: Fly out, F4 (Popup, 4, EV 63.8 MPH)
|
| Top of the 3rd over - 2 runs, 2 hits, 0 errors, 0 left on base; Washington (APP) 5 - San Francisco (APP) 0 |
| BOTTOM OF THE 3RD |
|
San Francisco (APP) Giants batting - Pitching for Washington (APP) Nationals : RHP Ivano Galikov
|
|
Batting: RHB David Andrews
|
0-0: Foul Ball, location: 2F 0-1: Ball 1-1: Ball 2-1: Swinging Strike 2-2: Strikes out looking
|
|
Batting: RHB Alexis Andrade
|
0-0: SINGLE (Groundball, 56D, EV 93.8 MPH) (infield hit)
|
|
Batting: RHB Bill Defazio
|
0-0: Ball 1-0: Called Strike Alexis Andrade is caught stealing 2nd base 2-4 1-1: Foul Ball, location: 2F 1-2: DOUBLE (Line Drive, 9LS, EV 90.6 MPH)
|
|
Batting: RHB Teruhide Horiuchi
|
0-0: Called Strike 0-1: Called Strike 0-2: Ball 1-2: Ball 2-2: Strikes out swinging
|
| Bottom of the 3rd over - 0 runs, 2 hits, 0 errors, 1 left on base; Washington (APP) 5 - San Francisco (APP) 0 |
| TOP OF THE 4TH |
|
Washington (APP) Nationals batting - Pitching for San Francisco (APP) Giants : LHP Jack Klein
|
|
Batting: RHB Jon Buscher
|
0-0: Ball 1-0: Called Strike 1-1: Foul Ball, location: 2F 1-2: Strikes out swinging, 2-3 out at first.
|
|
Batting: RHB Naofumi Ishida
|
0-0: Ball 1-0: Ball 2-0: Called Strike 2-1: Ground out 6-3 (Groundball, 56, EV 96.2 MPH)
|
|
Batting: RHB Derek Moran
|
0-0: Hit by Pitch
|
|
Pitching: RHP Eddie Ramirez
|
|
|
Batting: RHB Victor Cintron
|
0-0: Called Strike 0-1: Foul Ball, location: 2F 0-2: Ball 1-2: Strikes out looking
|
| Top of the 4th over - 0 runs, 0 hits, 0 errors, 1 left on base; Washington (APP) 5 - San Francisco (APP) 0 |
| BOTTOM OF THE 4TH |
|
San Francisco (APP) Giants batting - Pitching for Washington (APP) Nationals : RHP Ivano Galikov
|
|
Batting: LHB Jared Paige
|
0-0: Ball 1-0: Ball 2-0: Called Strike 2-1: Ball 3-1: Base on Balls
|
|
Batting: RHB Jason Gregor
|
0-0: Ball 1-0: Ball 2-0: Ball 3-0: Base on Balls Jared Paige to second
|
|
Batting: LHB Al Hernandez
|
0-0: Called Strike 0-1: Fly out, F7 (Flyball, 78M, EV 83.8 MPH)
|
|
Batting: RHB Dinand Brouwer
|
0-0: Called Strike 0-1: Fly out, F8 (Flyball, 8LD, EV 103.8 MPH)
|
|
Batting: RHB Ed Broomhead
|
0-0: Ground out 3-1 (Groundball, 34, EV 104.4 MPH)
|
| Bottom of the 4th over - 0 runs, 0 hits, 0 errors, 2 left on base; Washington (APP) 5 - San Francisco (APP) 0 |
| TOP OF THE 5TH |
|
Washington (APP) Nationals batting - Pitching for San Francisco (APP) Giants : RHP Eddie Ramirez
|
|
Batting: RHB John Savard
|
0-0: Ball 1-0: Called Strike 1-1: Ground out 5-3 (Groundball, 56S, EV 76.2 MPH)
|
|
Batting: RHB Steve Bauman
|
0-0: Ball 1-0: Ball 2-0: Foul Ball, location: 2F 2-1: Foul Ball, location: 2F 2-2: Strikes out looking
|
|
Batting: RHB Jared Speck
|
0-0: Ball 1-0: Foul Ball, location: 2F 1-1: Ball 2-1: Foul Ball, location: 2F 2-2: Ball 3-2: Foul Ball, location: 2F 3-2: Base on Balls
|
|
Batting: RHB Nick Moreno
|
0-0: Ball 1-0: Foul Ball, location: 2F 1-1: Called Strike Jared Speck steals 2nd base 1-2: Ground out 6-3 (Groundball, 6D, EV 80.6 MPH)
|
| Top of the 5th over - 0 runs, 0 hits, 0 errors, 1 left on base; Washington (APP) 5 - San Francisco (APP) 0 |
| BOTTOM OF THE 5TH |
|
San Francisco (APP) Giants batting - Pitching for Washington (APP) Nationals : RHP Ivano Galikov
|
|
Batting: RHB David Andrews
|
0-0: Called Strike 0-1: Foul Ball, location: 2F 0-2: Strikes out swinging
|
|
Batting: RHB Alexis Andrade
|
0-0: Ball 1-0: Ball 2-0: Called Strike 2-1: Swinging Strike 2-2: Foul Ball, location: 2F 2-2: Strikes out swinging, 2-3 out at first.
|
|
Batting: RHB Bill Defazio
|
0-0: TRIPLE (Flyball, 89XD, EV 106.9 MPH)
|
|
Batting: RHB Teruhide Horiuchi
|
0-0: Ball 1-0: Foul Ball, location: 2F 1-1: Ball 2-1: Ball 3-1: Ground out U3 (Groundball, 34, EV 83.1 MPH)
|
| Bottom of the 5th over - 0 runs, 1 hit, 0 errors, 1 left on base; Washington (APP) 5 - San Francisco (APP) 0 |
| TOP OF THE 6TH |
|
Washington (APP) Nationals batting - Pitching for San Francisco (APP) Giants : RHP Eddie Ramirez
|
|
Batting: RHB Kevin Whitenack
|
0-0: Called Strike 0-1: Foul Ball, location: 2F 0-2: Ball 1-2: Strikes out swinging
|
|
Batting: RHB Jon Buscher
|
0-0: Swinging Strike 0-1: Ball 1-1: Foul Ball, location: 2F 1-2: Strikes out looking
|
|
Pitching: LHP Gil Longoria
|
|
|
Batting: RHB Naofumi Ishida
|
0-0: Called Strike 0-1: Foul Ball, location: 2F 0-2: Ball 1-2: Ball 2-2: Ball 3-2: Base on Balls
|
|
Batting: RHB Derek Moran
|
0-0: Ball 1-0: Hit by Pitch Naofumi Ishida to second
|
|
Batting: RHB Victor Cintron
|
0-0: Fielders Choice at 2nd, 6-4 (Groundball, 6, EV 110.6 MPH)
|
| Top of the 6th over - 0 runs, 0 hits, 0 errors, 2 left on base; Washington (APP) 5 - San Francisco (APP) 0 |
| BOTTOM OF THE 6TH |
|
San Francisco (APP) Giants batting - Pitching for Washington (APP) Nationals : RHP Ivano Galikov
|
|
Batting: LHB Jared Paige
|
0-0: Called Strike 0-1: Foul Ball, location: 2F 0-2: Strikes out swinging
|
|
Batting: RHB Jason Gregor
|
0-0: Foul Ball, location: 2F 0-1: Ball 1-1: Fly out, F9 (Flyball, 9S, EV 83.8 MPH)
|
|
Batting: LHB Al Hernandez
|
0-0: Called Strike 0-1: Called Strike 0-2: Ball 1-2: Foul Ball, location: 2F 1-2: Strikes out swinging
|
| Bottom of the 6th over - 0 runs, 0 hits, 0 errors, 0 left on base; Washington (APP) 5 - San Francisco (APP) 0 |
| TOP OF THE 7TH |
|
Washington (APP) Nationals batting - Pitching for San Francisco (APP) Giants : LHP Gil Longoria
|
|
Batting: RHB John Savard
|
0-0: Swinging Strike 0-1: Ball 1-1: Foul Ball, location: 2F 1-2: Ball 2-2: Foul Ball, location: 2F 2-2: Ball 3-2: Foul Ball, location: 2F 3-2: Foul Ball, location: 2F 3-2: Strikes out looking
|
|
Batting: RHB Steve Bauman
|
0-0: Swinging Strike 0-1: DOUBLE (Groundball, 3L, EV 106.9 MPH)
|
|
Pitching: RHP Lorenzo de Jesus
|
|
|
Batting: RHB Jared Speck
|
0-0: Ball 1-0: Ball 2-0: Ball 3-0: Base on Balls
|
|
Batting: RHB Nick Moreno
|
0-0: Ball 1-0: Fielders Choice at 2nd, 1-6 (Groundball, 23, EV 64.4 MPH) Steve Bauman to third
|
|
Batting: RHB Kevin Whitenack
|
0-0: Ball 1-0: Foul Ball, location: 2F 1-1: SINGLE (Groundball, 6, EV 96.9 MPH) Steve Bauman scores Nick Moreno to second
|
|
Batting: RHB Jon Buscher
|
0-0: Swinging Strike 0-1: Foul Ball, location: 2F 0-2: Strikes out swinging
|
| Top of the 7th over - 1 run, 2 hits, 0 errors, 2 left on base; Washington (APP) 6 - San Francisco (APP) 0 |
| BOTTOM OF THE 7TH |
|
San Francisco (APP) Giants batting - Pitching for Washington (APP) Nationals : RHP Ivano Galikov
|
|
Pitching: RHP Chris Lawrence
|
|
|
Batting: RHB Dinand Brouwer
|
0-0: Ball 1-0: Ball 2-0: Called Strike 2-1: Foul Ball, location: 2F 2-2: Strikes out swinging
|
|
Batting: RHB Ed Broomhead
|
0-0: Ball 1-0: DOUBLE (Line Drive, 7LM, EV 100.0 MPH)
|
|
Batting: RHB David Andrews
|
0-0: Ball 1-0: Ball 2-0: Ball 3-0: Base on Balls
|
|
Batting: RHB Alexis Andrade
|
0-0: Called Strike 0-1: Swinging Strike 0-2: Fielders Choice at 2nd, 1-6 (Groundball, 13, EV 74.4 MPH) Ed Broomhead to third
|
|
Batting: RHB Bill Defazio
|
0-0: Ball 1-0: Ball 2-0: Fly out, F6 (Line Drive, 6, EV 64.4 MPH)
|
| Bottom of the 7th over - 0 runs, 1 hit, 0 errors, 2 left on base; Washington (APP) 6 - San Francisco (APP) 0 |
| TOP OF THE 8TH |
|
Washington (APP) Nationals batting - Pitching for San Francisco (APP) Giants : RHP Lorenzo de Jesus
|
|
Batting: RHB Naofumi Ishida
|
0-0: Called Strike 0-1: Ball 1-1: Ball 2-1: Swinging Strike 2-2: Strikes out swinging
|
|
Batting: RHB Derek Moran
|
0-0: Called Strike 0-1: Ball 1-1: Foul Ball, location: 2F 1-2: Strikes out swinging
|
|
Batting: RHB Victor Cintron
|
0-0: Called Strike 0-1: Foul Ball, location: 2F 0-2: Ball 1-2: Strikes out swinging
|
| Top of the 8th over - 0 runs, 0 hits, 0 errors, 0 left on base; Washington (APP) 6 - San Francisco (APP) 0 |
| BOTTOM OF THE 8TH |
|
San Francisco (APP) Giants batting - Pitching for Washington (APP) Nationals : RHP Chris Lawrence
|
|
Batting: RHB Teruhide Horiuchi
|
0-0: SINGLE (Groundball, 4S, EV 71.9 MPH) (infield hit)
|
|
Batting: LHB Jared Paige
|
0-0: Ball 1-0: 2-RUN HOME RUN (Flyball, 89XD, EV 111.2 MPH), Distance : 431 ft
|
|
Batting: RHB Jason Gregor
|
0-0: Called Strike 0-1: Ball 1-1: Fly out, F3 (Popup, 3SF, EV 81.9 MPH)
|
|
Batting: LHB Al Hernandez
|
0-0: Ball 1-0: Ball 2-0: Called Strike 2-1: Foul Ball, location: 2F 2-2: Foul Ball, location: 2F 2-2: Foul Ball, location: 2F 2-2: Foul Ball, location: 2F 2-2: Ground out U3 (Groundball, 3, EV 80.6 MPH)
|
|
Pitching: RHP Halewijn Bos
|
|
|
Batting: RHB Dinand Brouwer
|
0-0: Called Strike 0-1: Foul Ball, location: 2F 0-2: Foul Ball, location: 2F 0-2: Ball 1-2: Ground out 6-3 (Groundball, 6, EV 86.9 MPH)
|
| Bottom of the 8th over - 2 runs, 2 hits, 0 errors, 0 left on base; Washington (APP) 6 - San Francisco (APP) 2 |
| TOP OF THE 9TH |
|
Washington (APP) Nationals batting - Pitching for San Francisco (APP) Giants : RHP Lorenzo de Jesus
|
|
Pitching: RHP Damian Molina
|
|
|
Batting: RHB John Savard
|
0-0: Ball 1-0: Ground out 6-3 (Groundball, 6, EV 86.9 MPH)
|
|
Batting: RHB Steve Bauman
|
0-0: Ball 1-0: Ball 2-0: Foul Ball, location: 2F 2-1: Ball 3-1: Swinging Strike 3-2: SINGLE (Line Drive, 9LS, EV 108.8 MPH)
|
|
Batting: RHB Jared Speck
|
0-0: Ball 1-0: Foul Ball, location: 2F 1-1: Ball Wild Pitch! Steve Bauman to second 2-1: Ball Wild Pitch! Steve Bauman to third 3-1: Foul Ball, location: 2F 3-2: 2-RUN HOME RUN (Flyball, 7D, EV 107.5 MPH), Distance : 399 ft
|
|
Batting: RHB Nick Moreno
|
0-0: Called Strike 0-1: Fly out, F7 (Line Drive, 7, EV 95.0 MPH)
|
|
Batting: RHB Kevin Whitenack
|
0-0: Foul Ball, location: 2F 0-1: Ground out 4-3 (Groundball, 6MD, EV 79.4 MPH)
|
| Top of the 9th over - 2 runs, 2 hits, 0 errors, 0 left on base; Washington (APP) 8 - San Francisco (APP) 2 |
| BOTTOM OF THE 9TH |
|
San Francisco (APP) Giants batting - Pitching for Washington (APP) Nationals : RHP Halewijn Bos
|
|
Batting: RHB Ed Broomhead
|
0-0: Called Strike 0-1: Foul Ball, location: 2F 0-2: Strikes out swinging
|
|
Batting: RHB David Andrews
|
0-0: Called Strike 0-1: Foul Ball, location: 2F 0-2: Ball 1-2: Ground out 6-3 (Groundball, 6M, EV 81.9 MPH)
|
|
Batting: RHB Alexis Andrade
|
0-0: Ball 1-0: Called Strike 1-1: Ball 2-1: Foul Ball, location: 2F 2-2: Foul Ball, location: 2F 2-2: Ball 3-2: Base on Balls
|
|
Batting: RHB Bill Defazio
|
0-0: Fly out, F9 (Flyball, 9D, EV 89.4 MPH)
|
| Bottom of the 9th over - 0 runs, 0 hits, 0 errors, 1 left on base; Washington (APP) 8 - San Francisco (APP) 2 |
|